 Dungeon Crawl Stone Soup version 0.17-a0-2098-gf59d6bc (webtiles) character file.

47 brucemayne the Chopper (level 3, -3/49 HPs)
             Began as a Hill Orc Berserker on Oct 17, 2015.
             Was a Follower of Trog.
             Slain by a gargoyle
             ... wielding a +0 mace
              (5 damage)
             ... on level 6 of the Dungeon.
             The game lasted 00:02:38 (587 turns).

brucemayne the Chopper (Hill Orc Berserker)          Turns: 587, Time: 00:02:39

Health: -3/49      AC:  7    Str: 25    XL:     3   Next: 70%
Magic:  3/3        EV: 10    Int:  7    God:    Trog [*.....]
Gold:   14         SH:  0    Dex: 10    Spells: 0 memorised, 2 levels left

rFire  . . .     SeeInvis .     a - +0 hand axe
rCold  . . .     Clarity  .     o - +1 scale mail {rPois}
rNeg   . . .     SustAt   .     (no shield)
rPois  +         Gourm    .     (no helmet)
rElec  .         Spirit   .     (no cloak)
rCorr  .         Warding  .     (no gloves)
rMut   .         Stasis   .     (no boots)
MR     .....                    (no amulet)
Stlth  ..........               (no ring)
                                (no ring)

@: berserking (expiring), very quick, not resistant to hostile enchantments,
extremely unstealthy
A: no striking features
a: Burn Spellbooks, Berserk, Renounce Religion


You were on level 6 of the Dungeon.
You worshipped Trog.
Trog was aware of your devotion.
You were not hungry.

You visited 1 branch of the dungeon, and saw 6 of its levels.

You collected 14 gold pieces.

Inventory:

Hand Weapons
 a - a +0 hand axe (weapon)
Missiles
 k - 2 exploding tomahawks (quivered)
 t - 3 needles of paralysis
Armour
 b - a +0 animal skin
 j - a +0 ring mail
 o - a +1 scale mail of poison resistance (worn)
Magical Staves
 l - an uncursed staff of earth {unknown}
Jewellery
 r - an uncursed ring of wizardry
Scrolls
 e - 2 scrolls of remove curse {unknown}
 g - 2 scrolls of enchant weapon {unknown}
 q - a scroll of fear {unknown}
 s - 2 scrolls of enchant armour {unknown}
Potions
 d - a potion of agility {unknown}
 f - 2 potions of magic {unknown}
 h - a potion of flight {unknown}
 m - 2 potions of invisibility {unknown}
 p - a potion of cure mutation {unknown}
Comestibles
 c - 2 bread rations
 i - a chunk of flesh
 n - 2 fruits


   Skills:
 - Level 4.0 Fighting
 + Level 5.4 Axes
 - Level 2.3 Armour
 - Level 1.7 Dodging


You had 2 spell levels left.
You didn't know any spells.

Dungeon Overview and Level Annotations

Branches:
Dungeon (6/15)
 Temple: D:4-7

Altars:

Annotations:
D:6 Grinder


Message History

You are no longer poisoned.
The gargoyle hits you but does no damage.
Unknown command.
You barely miss the gargoyle.
The gargoyle hurls a stone arrow at you.
The stone arrow misses you.
Unknown command.
You slash the gargoyle!
The gargoyle is moderately damaged.
Unknown command.
You hit the gargoyle but do no damage.
The gargoyle is moderately damaged.
The gargoyle hurls a stone arrow at you.
The stone arrow hits you!
* * * LOW HITPOINT WARNING * * *
Unknown command.
You hit the gargoyle but do no damage.
The gargoyle is moderately damaged.
The gargoyle hits you with a mace.
You die...

... ..# #.# ##+# #.#
#...# #.# .....# #.#
......# ##.## #
.......####...#.##.##
......9@.<...........
.......####...#.#####
......# ##.## #
.....# ### #...# ##+#


You could see a gargoyle.

Vanquished Creatures
  3 adders
  2 orcs (D:3)
  A ball python (D:2)
  3 hobgoblins
  3 jackals (D:3)
  3 kobolds
  A giant newt (D:2)
16 creatures vanquished.

Notes
Turn   | Place    | Note
--------------------------------------------------------------
     0 | D:1      | brucemayne the Hill Orc Berserker began the quest for the Orb.
     0 | D:1      | Reached XP level 1. HP: 19/19 MP: 1/1
   105 | D:2      | Reached XP level 2. HP: 16/27 MP: 2/2
   229 | D:3      | Reached XP level 3. HP: 11/33 MP: 3/3
   334 | D:4      | Reached skill level 5 in Axes
   404 | D:5      | Entered Level 5 of the Dungeon
   526 | D:6      | Noticed a human
   526 | D:6      | Noticed a human
   526 | D:6      | Noticed Grinder
   528 | D:6      | Noticed a human
   550 | D:5      | Noticed a centaur
   571 | D:6      | Noticed a gargoyle
   586 | D:6      | HP: 2/49 [gargoyle/stone arrow (13)]
   587 | D:6      | Slain by a gargoyle

Vault maps used:
D:1:      co_arrival_square_in_a_square_in_a_square
D:2:      first_bread, makhleb_blood_cavern_becter
D:3:      lemuel_statue_altar
D:4:      lemuel_crystal_altar, kennysheep_mini_moat, trog_wizard
D:5:      kennysheep_six_static_rooms
D:6:      kennysheep_path_1, minmay_ruffians, uniq_grinder

Action                   || total
-------------------------++-------
Melee: Hand axe          ||    61
Invok: Berserk           ||     5
  Eat: Chunk             ||     3
